 Dungeon Crawl Stone Soup version 0.16-a0-269-gd5b6136 (webtiles) character file.

298 PotatoesMaster the Cudgeler (level 6, -7/99 HPs)
             Began as an Ogre Berserker on Aug 26, 2014.
             Was an Elder of Trog.
             Mangled by a killer bee (8 damage)
             ... on Level 3 of the Dungeon.
             The game lasted 00:14:15 (3927 turns).

PotatoesMaster the Cudgeler (Ogre Berserker)        Turns: 3927, Time: 00:14:15

HP  -7/99        AC  5     Str 29      XL: 6   Next: 36%
MP   6/6         EV 11     Int  6      God: Trog [****..]
Gold 235         SH  0     Dex 10      Spells:  0 memorised,  5 levels left

rFire  + . .     SeeInvis .     r - +0 flail
rCold  . . .     Clarity  .     b - +0 animal skin
rNeg   . . .     rCorr    .     (shield restricted)
rPois  .         rRot     .     (helmet restricted)
rElec  .         Spirit   .     i - +1 cloak
SustAb .         Warding  .     (gloves unavailable)
rMut   .         Stasis   .     (boots unavailable)
Gourm  .                        (no amulet)
MR     .....                    (no ring)
                                h - ring of protection from fire

@: berserking, lethally poisoned, very quick, not resistant to hostile
enchantments, extremely unstealthy
A: unfitting armour, tough skin 1
a: Burn Spellbooks, Berserk, Trog's Hand, Brothers in Arms, Renounce Religion


You were on level 3 of the Dungeon.
You worshipped Trog.
Trog was greatly pleased with you.
You were hungry.

You visited 1 branch of the dungeon, and saw 4 of its levels.

You collected 235 gold pieces.

Inventory:

Hand weapons
 a - a +0 mace
 r - a +0 flail (weapon)
Armour
 b - a +0 animal skin (worn)
 i - a +1 cloak (worn)
Magical devices
 e - a wand of confusion (11) {unknown}
Comestibles
 c - a meat ration
 d - 2 royal jellies
 j - a fruit
 s - a bread ration
Scrolls
 f - 6 scrolls of teleportation
 l - 3 scrolls of remove curse
 m - a scroll of fear
 n - a scroll of identify
 o - 3 scrolls of enchant armour
 u - a scroll of magic mapping
Jewellery
 h - a ring of protection from fire (left hand)
 k - an uncursed amulet of clarity {unknown}
 p - an uncursed ring of protection from magic {unknown}
Potions
 g - a potion of porridge


   Skills:
 + Level 5.3 Fighting
 + Level 5.5 Maces & Flails
 + Level 5.2 Dodging


You had 5 spell levels left.
You didn't know any spells.

Dungeon Overview and Level Annotations

Branches:
Dungeon (4/15)
 Temple: D:4-7

Altars:
Kikubaaqudgha
Trog
Xom
The Shining One

Shops:
D:4 [


Innate Abilities, Weirdness & Mutations

You are too large for most types of armour.
You have tough skin (AC +1).


Message History

You completely miss the killer bee.
The killer bee is moderately wounded.
* * * LOW HITPOINT WARNING * * *
You feel sick. The killer bee misses you. The killer bee closely misses you.
The killer bee stings you but does no damage.
You miss the killer bee.
The killer bee is moderately wounded.
* * * LOW HITPOINT WARNING * * *
You feel sick. The killer bee stings you.
* * * LOW HITPOINT WARNING * * *
The killer bee stings you.
* * * LOW HITPOINT WARNING * * *
You are more poisoned.
The killer bee poisons you!
The killer bee stings you but does no damage.
You barely miss the killer bee.
The killer bee is moderately wounded.
* * * LOW HITPOINT WARNING * * *
You feel sick. The killer bee stings you!
You die...

##...## ##...## #.#
##'## #..#..# #.#
#.# #.###.# #.#
######.# #..#..# #.#
#......## #....##
#.# #.###...##
#.#### #.#
#.##.....# #.# #.#
#.###...#########.#
#.###
##.#...........y@y.#
#....
.....##.############
##### ##......#
######.# #######.#
.....##.# #######
####.##.# #......
#.##.# #.#####
####.##.# #.#


You could see 2 killer bees.

Vanquished Creatures
  2 scorpions
  An orc wizard (D:4)
  2 worker ants (D:4)
  Terence (D:3)
  An adder (D:4)
  A worm (D:3)
  A giant gecko (D:2)
  An ooze (D:1)
  5 orcs (D:4)
  A bat zombie (D:2)
  7 giant cockroaches
  10 hobgoblins
  11 jackals
  5 quokkas
  10 bats
  A giant gecko skeleton (D:4)
  3 giant newts
  8 goblins
  10 kobolds
  12 rats
  A ballistomycete (D:2)
94 creatures vanquished.

Vanquished Creatures (others)
  A hound (D:4)
  A bat (D:4)
  A giant spore (D:2)
  A goblin (D:4)
4 creatures vanquished.

Grand Total: 98 creatures vanquished

Notes
Turn   | Place    | Note
--------------------------------------------------------------
     0 | D:1      | PotatoesMaster, the Ogre Berserker, began the quest for the Orb.
     0 | D:1      | Reached XP level 1. HP: 24/24 MP: 1/1
   145 | D:1      | Reached XP level 2. HP: 29/32 MP: 2/2
   716 | D:1      | Reached XP level 3. HP: 36/39 MP: 3/3
   759 | D:1      | Acquired Trog's second power
  1052 | D:2      | Found an ancient bone altar of Kikubaaqudgha.
  1856 | D:3      | Reached XP level 4. HP: 46/49 MP: 4/4
  2228 | D:3      | Noticed Terence
  2247 | D:3      | Killed Terence
  2260 | D:3      | Noticed a scorpion
  2274 | D:3      | Killed a scorpion
  2274 | D:3      | Reached skill level 5 in Fighting
  2274 | D:3      | Reached skill level 5 in Maces & Flails
  2274 | D:3      | Reached XP level 5. HP: 42/57 MP: 5/5
  2414 | D:3      | Found a glowing golden altar of the Shining One.
  2954 | D:4      | Found a bloodstained altar of Trog.
  3000 | D:4      | Found a shimmering altar of Xom.
  3588 | D:4      | Reached skill level 5 in Dodging
  3588 | D:4      | Reached XP level 6. HP: 41/66 MP: 6/6
  3662 | D:4      | Acquired Trog's third power
  3755 | D:4      | Found Serueth's Antique Armour Emporium.
  3911 | D:4      | Noticed an ogre
  3926 | D:3      | HP: 3/99 [killer bee (5)]
  3927 | D:3      | HP: 1/99 [poisoned by a killer bee]
  3927 | D:3      | Mangled by a killer bee

Action                   |  1- 3 |  4- 6 || total
-------------------------+-------+-------++-------
Melee: Mace              |   162 |   101 ||   263
       Flail             |       |    65 ||    65
Invok: Berserk           |       |     2 ||     2
  Use: Scroll            |     5 |     1 ||     6
       Potion            |     2 |     4 ||     6
  Eat: Chunk             |     3 |     6 ||     9
       Fruit             |       |     2 ||     2
